 Dungeon Crawl Stone Soup version 0.20.0-15-g7f486f2 (webtiles) character file.

590 renl the Skirmisher (level 7, 0/64 HPs)
             Began as a Hill Orc Monk on July 1, 2017.
             Slain by a hornet zombie (5 damage)
             ... in an ossuary.
             The game lasted 00:17:39 (2803 turns).

renl the Skirmisher (Hill Orc Monk)                 Turns: 2803, Time: 00:17:40

Health: 0/64       AC: 18    Str: 16    XL:     7   Next: 38%
Magic:  7/7        EV:  6    Int: 10    God:
Gold:   154        SH:  0    Dex: 13    Spells: 6/6 levels left

rFire    . . .     SeeInvis .   t - +4 mace
rCold    . . .     Gourm    .   (no shield)
rNeg     . . .     Faith    .   j - +0 plate armour
rPois    +         Spirit   .   k - +0 helmet
rElec    .         Reflect  .   f - +1 cloak {rPois}
rCorr    .         Harm     .   b - +0 pair of gloves
MR       .....                  o - +0 pair of boots
Stlth    ..........             (no amulet)
Regen    0.2/turn               (no ring)
MPRegen  0.1/turn               (no ring)

@: no status effects
A: no striking features
a: no special abilities


You were in an ossuary.
You were hungry.

You visited 1 branch of the dungeon, and saw 4 of its levels.
You also visited: Ossuary.

You collected 154 gold pieces.

Inventory:

Hand Weapons
 t - a +4 mace (weapon)
Missiles
 i - 4 tomahawks (quivered)
Armour
 b - a +0 pair of gloves (worn)
 f - a +1 cloak of poison resistance (worn)
 j - a +0 plate armour (worn)
 k - a +0 helmet (worn)
 o - a +0 pair of boots (worn)
Wands
 g - a wand of iceblast (2/15)
 u - a wand of paralysis (6/24)
Scrolls
 a - a scroll of teleportation
Potions
 d - a potion of magic
 e - a potion of mutation
 m - a potion of berserk rage {unknown}
 p - a potion of brilliance
 v - a potion of ambrosia {unknown}
 w - a potion of haste {unknown}
 z - a potion of curing {unknown}
Comestibles
 c - 2 bread rations
 l - 3 royal jellies
 q - 3 meat rations
 s - 3 fruits


   Skills:
 + Level 6.6 Fighting
   Level 5.8 Axes
 + Level 1.0 Throwing
 + Level 5.3 Armour
 - Level 2.4 Dodging
 - Level 1.5 Stealth


You had 6 spell levels left.
You didn't know any spells.

Dungeon Overview and Level Annotations

Branches:
Dungeon (4/15)
 Temple: D:4-7

Altars:


Message History

The mummy hits you but does no damage.
You closely miss the mummy.
The mummy is heavily damaged.
The mummy hits you but does no damage.
You hit the mummy.
The mummy is heavily damaged.
You hit the mummy.
The mummy is severely damaged.
The mummy hits you.
* * * LOW HITPOINT WARNING * * *
You sock the mummy!
You destroy the mummy!
You hit the hornet zombie.
The hornet zombie is lightly damaged.
The hornet zombie closely misses you. The hornet zombie barely misses you.
You sock the hornet zombie!
The hornet zombie is moderately damaged.
The hornet zombie hits you but does no damage.
The hornet zombie hits you.
You die...

M.. #####≈≈
#∩..#MZ # #
#.∩.#≈##≈#
#.#...#≈'.
##'##'##'##≈#
..........M≈+
#'#'#'#Z#'#'#
# #@#.#.#
#######


You could see a hornet zombie.

Vanquished Creatures
  A bullfrog zombie (Ossuary)
  3 centaur zombies (Ossuary)
  Crazy Yiuf (D:2)
  Jessica (D:2)
  Ijyb (D:3)
  Natasha (D:2)
  Terence (D:2)
  A worker ant (D:4)
  11 mummies (Ossuary)
  A hound zombie (Ossuary)
  Robin (D:2)
  A worker ant zombie (Ossuary)
  2 adders
  3 worms
  4 dart slugs
  A leopard gecko (D:1)
  15 goblins
  9 hobgoblins
  5 jackals
  3 quokkas
  9 bats
  4 frilled lizards
  A giant cockroach zombie (Ossuary)
  4 kobolds
  3 rats
  4 fungi (D:2)
91 creatures vanquished.

Vanquished Creatures (others)
  4 withered plants (Ossuary)
4 creatures vanquished.

Grand Total: 95 creatures vanquished

Notes
Turn   | Place    | Note
-------+----------+-------------------------------------------
     0 | D:1      | renl the Hill Orc Monk began the quest for the Orb.
     0 | D:1      | Reached XP level 1. HP: 19/19 MP: 1/1
    84 | D:1      | Reached skill level 4 in Fighting
    84 | D:1      | Reached XP level 2. HP: 6/27 MP: 2/2
   739 | D:1      | You fall through a shaft!
   747 | D:2      | Noticed Jessica
   758 | D:2      | Killed Jessica
   758 | D:2      | Reached skill level 5 in Axes
   758 | D:2      | Reached skill level 1 in Armour
   758 | D:2      | Reached XP level 3. HP: 20/34 MP: 3/3
   784 | D:2      | Noticed Terence
   794 | D:2      | Reached XP level 4. HP: 26/41 MP: 4/4
   807 | D:2      | Killed Terence
   920 | D:2      | Noticed Robin
   940 | D:2      | Reached skill level 5 in Fighting
   941 | D:2      | Killed Robin
  1028 | D:2      | Found a runed door.
  1036 | D:2      | Noticed Crazy Yiuf
  1065 | D:2      | Killed Crazy Yiuf
  1065 | D:2      | Reached XP level 5. HP: 30/48 MP: 5/5
  1265 | D:2      | Noticed Natasha
  1287 | D:2      | Killed Natasha
  1513 | D:3      | Found a faded altar of an unknown god.
  1792 | D:3      | Noticed Ijyb
  1794 | D:3      | Paralysed by Ijyb for 7 turns
  1810 | D:3      | Killed Ijyb
  1833 | D:3      | Reached XP level 6. HP: 56/56 MP: 6/6
  2456 | D:4      | Found a sand-covered staircase.
  2461 | Ossuary  | Entered an ossuary
  2486 | Ossuary  | HP: 2/57 [mummy (9)]
  2495 | Ossuary  | Reached skill level 1 in Throwing
  2725 | Ossuary  | Reached skill level 6 in Fighting
  2741 | Ossuary  | Reached XP level 7. HP: 44/63 MP: 7/7
  2784 | Ossuary  | Reached skill level 5 in Armour
  2803 | Ossuary  | Slain by a hornet zombie

Skill      XL: |  1  2  3  4  5  6  7 |
---------------+----------------------+-----
Fighting       | 4 5 6 |  6.6
Axes           | 5 |  5.8
Armour         | 1 3 4 5 |  5.3
Throwing       | 1 |  1.0
Dodging        | |  2.4
Stealth        | |  1.5

Action                   |  1- 3 |  4- 6 |  7- 9 || total
-------------------------+-------+-------+-------++-------
Melee: Hand axe          |    82 |    71 |       ||   153
       Unarmed           |       |     4 |       ||     4
       Mace              |       |   183 |    52 ||   235
Throw: Tomahawk          |       |     5 |       ||     5
  Use: Scroll            |       |     7 |       ||     7
       Potion            |       |     2 |       ||     2
 Stab: Sleeping          |     1 |       |       ||     1
  Eat: Chunk             |       |     6 |       ||     6
Armor: Ring mail         |     8 |       |       ||     8
       Robe              |     1 |       |       ||     1
       Plate armour      |    60 |   208 |    24 ||   292
Dodge: Dodged            |    33 |    46 |    13 ||    92
